 Dungeon Crawl Stone Soup version 0.26-b1-57-gb162d0664a (webtiles) character file.

Game seed: 1151650306267065807

159 Gauvater the Sneak (level 5, -2/36 HPs)
             Began as an Octopode Brigand on Jan 8, 2021.
             Slain by a quokka (5 damage)
             ... on level 4 of the Dungeon.
             The game lasted 00:13:53 (3448 turns).

Gauvater the Sneak (Octopode Brigand)               Turns: 3448, Time: 00:13:54

Health: -2/36      AC:  1    Str: 11    XL:     5   Next: 40%
Magic:  5/5        EV: 13    Int: 19    God:
Gold:   117        SH:  0    Dex: 14    Spells: 4/4 levels left

rFire    . . .     SeeInvis .   a - +2 dagger
rCold    . . .     Faith    .   (no shield)
rNeg     . . .     Spirit   .   (helmet restricted)
rPois    .         Reflect  .   (no amulet)
rElec    .         Harm     .   m - ring of wizardry
rCorr    .         Rampage  .   n - +6 ring of intelligence
Will     .....                  (no ring)
Stlth    +++++.....             (no ring)
HPRegen  0.12/turn              (no ring)
MPRegen  0.09/turn              (no ring)
                                (no ring)
                                (no ring)

@: no status effects
A: almost no armour, stealthy swim, amphibious, 8 rings, constrict 8, camouflage
1, gelatinous body 1
a: no special abilities


You were on level 4 of the Dungeon.
You visited 1 branch of the dungeon, and saw 4 of its levels.
You also visited: Sewer.

You collected 117 gold pieces.

Inventory:

Hand Weapons
 a - a +2 dagger (weapon)
 v - a +0 hunting sling
Missiles
 c - a curare-tipped dart (quivered)
 i - 117 stones
 j - 16 bolts
 o - 26 arrows
 u - 15 sling bullets
Armour
 b - a +0 kite shield
Jewellery
 m - a ring of wizardry (left tentacle)
 n - a +6 ring of intelligence (right tentacle)
Wands
 q - a wand of flame (20)
Scrolls
 e - a scroll of fog {unknown}
 g - a scroll of remove curse
 l - a scroll of immolation {unknown}
 p - a scroll of blinking {unknown}
 r - 2 scrolls of magic mapping
 s - a scroll of teleportation {unknown}
Potions
 d - 2 potions of mutation
 f - 3 potions of curing {unknown}
 h - a potion of brilliance {unknown}
 k - 2 potions of heal wounds {unknown}
 t - 3 potions of haste {unknown}
 w - a potion of lignification {unknown}


   Skills:
 * Level 3.0 Fighting
 + Level 2.8 Short Blades
 + Level 2.1 Throwing
 + Level 1.3 Dodging
 + Level 7.6 Stealth


You had 4 spell levels left.
You didn't know any spells.
Your spell library was empty.

Dungeon Overview and Level Annotations

Branches:
Dungeon (4/15)              Sewer (visited)
 Temple: D:4-7

Altars:
Ashenzari
Ru
Wu Jian

Annotations:
D:3 Ijyb
D:4 Pikel


Innate Abilities, Weirdness & Mutations

You cannot wear most types of armour.
You are very stealthy in the water. (Stealth+)
You are amphibious.
You can wear up to eight rings at the same time.
You can use your tentacles to constrict eight enemies at once.
Your skin changes colour to match your surroundings (Stealth+).
Your rubbery body absorbs attacks. (AC +1, EV +1)


Message History

The quokka misses you. The lemure barely misses you. The quokka bites you.
* * * LOW HITPOINT WARNING * * *
An iguana comes into view.
The iguana moves out of view.
The quokka barely misses you.
Found a red potion.
The quokka twitches its whiskers.
The quokka bites you.
* * * LOW HITPOINT WARNING * * *
Found a kite shield.
The quokka barely misses you.
You see here a kite shield.
b - a kite shield The quokka barely misses you.
A hound skeleton comes into view.
The quokka bites you.
* * * LOW HITPOINT WARNING * * *
The quokka bites you.
You die...

#l.!.#...?.
#5##.#?.<..
#.# #.....
###.# #.....
###.5.#
######
###l..#..#
###.55####.#
+..r### ..#
##@## #.#
#..# .. ##.#
#.# .. ..
#.# .. #..
Z##


You could see 3 lemures, an iguana, a quokka and a hound skeleton (dormant).

Vanquished Creatures
  Robin (D:3)
  4 adders
  2 river rats (Sewer)
  An ooze (D:1)
  2 dart slugs (D:1)
  6 leopard geckos
  5 giant cockroaches (D:3)
  10 hobgoblins
  2 jackals (D:1)
  4 kobolds
  A quokka (D:2)
  7 ball pythons
  3 bats
  9 frilled lizards
  12 goblins
  11 rats
80 creatures vanquished.

Notes
Turn   | Place    | Note
-------+----------+-------------------------------------------
     0 | D:1      | Gauvater the Octopode Brigand began the quest for the Orb.
     0 | D:1      | Reached XP level 1. HP: 14/14 MP: 1/1
   125 | D:1      | Reached XP level 2. HP: 14/19 MP: 2/2
   211 | D:1      | Reached skill level 6 in Stealth
   731 | D:1      | Reached XP level 3. HP: 24/24 MP: 3/3
  1172 | D:2      | Found an ornate altar of the Wu Jian Council.
  1385 | D:2      | Found a sacrificial altar of Ru.
  1449 | D:2      | Found a broken altar of Ashenzari.
  1462 | D:2      | Reached XP level 4. HP: 21/30 MP: 4/4
  2004 | D:3      | Noticed Ijyb
  2072 | D:3      | Found a glowing drain.
  2082 | D:3      | Reached skill level 7 in Stealth
  2127 | Sewer    | Entered a sewer
  2543 | Sewer    | Reached XP level 5. HP: 36/36 MP: 5/5
  2939 | D:3      | Noticed Robin
  3117 | D:3      | Killed Robin
  3291 | D:3      | Noticed an ogre
  3428 | D:4      | Noticed Pikel
  3428 | D:4      | Noticed a lemure
  3428 | D:4      | Noticed a lemure
  3428 | D:4      | Noticed a lemure
  3428 | D:4      | Noticed a lemure
  3448 | D:4      | Slain by a quokka

Illustrated notes

Levels and vault maps discovered:
D:1:      minmay_arrival_wavy_path, layout_rooms, chequers_serial_rivers_room_a,
          chequers_serial_rivers_large_a, wad_floor_pattern_untrapped,
          minmay_shallow_snake_nest
D:2:      layout_basic, ashenzari_altar_1, nzn_wu_jian_contemplation,
          hangedman_ru_absence, serial_glass, glass_columns_b, glass_columns_c,
          minmay_fountain_box
D:3:      layout_loops_corners, gup_sewer_entry_pipe,
          chequers_serial_rivers_large_b, uniq_ijyb, uniq_robin, uniq_terence
D:4:      minmay_skewed_foursquare, layout_basic, grunt_temple_overflow_open,
          tgw_sif, uniq_menkaure, uniq_eustachio, uniq_blork_the_orc,
          uniq_pikel, uniq_duvessa

Skill      XL: |  1  2  3  4  5 |
---------------+----------------+-----
Stealth        | 6 7 |  7.6
Fighting       | 3 |  3.0
Short Blades   | |  2.8
Throwing       | |  2.1
Dodging        | |  1.3

Action                   |  1- 3 |  4- 6 || total
-------------------------+-------+-------++-------
Melee: Dagger            |    76 |    79 ||   155
       Tentacles         |    14 |    12 ||    26
       Constrict         |    16 |    23 ||    39
Throw: Dart              |    11 |    14 ||    25
  Use: Scroll            |       |     5 ||     5
 Stab: Sleeping          |    14 |     9 ||    23
Armor: Skin              |     4 |     5 ||     9
Dodge: Dodged            |    28 |    44 ||    72
